 Dungeon Crawl Stone Soup version 0.31-a0-818-ge7c7cf74f0 (webtiles) character file.

Game seed: 8674089650663142459

97 randomguy2701 the Ducker (level 4, -1/34 HPs)
             Began as a Gnoll Wanderer on Sept 22, 2023.
             Killed from afar by Natasha (5 damage)
             ... with a magic dart
             ... on level 2 of the Dungeon.
             The game lasted 00:01:49 (1459 turns).

randomguy2701 the Ducker (Gnoll Wanderer)           Turns: 1459, Time: 00:01:50

Health: -1/34      AC:  4    Str: 14    XL:     4   Next: 68%
Magic:  5/5        EV: 13    Int: 12    God:
Gold:   118        SH:  0    Dex: 10    Spells: 5/5 levels left

rFire   . . .        c - +0 mace
rCold   . . .        (no shield)
rNeg    . . .        f - +0 leather armour
rPois   .            (no helmet)
rElec   .            d - +0 cloak
rCorr   .            (no gloves)
SInv    .            (no boots)
Will    .....        (no amulet)
Stlth   +++          (no ring)
HPRegen 0.25/turn    (no ring)
MPRegen 0.09/turn

%: no passive effects
@: no status effects
A: fangs 1, strong nose, distributed training
a: no special abilities


You were on level 2 of the Dungeon.
You visited 1 branch of the dungeon, and saw 2 of its levels.

You collected 118 gold pieces.

Inventory:

Hand Weapons
 a - a +2 dagger
 c - a +0 mace (weapon)
Armour
 d - a +0 cloak (worn)
 f - a +0 leather armour (worn)
Scrolls
 b - a scroll of blinking
 e - a scroll of fear
 h - a scroll of fog {unknown}
 i - a scroll of identify {unknown}
 k - 2 scrolls of butterflies {unknown}
 l - a scroll of revelation {unknown}
 n - a scroll of teleportation {unknown}
Potions
 g - a potion of heal wounds {unknown}
 j - 2 potions of curing {unknown}
 m - a potion of cancellation {unknown}


   Skills:
 + Level 2.8 Fighting
 + Level 1.2 Short Blades
 + Level 1.2 Long Blades
 + Level 1.2 Axes
 + Level 4.7 Maces & Flails
 + Level 1.2 Polearms
 + Level 1.2 Staves
 + Level 1.2 Ranged Weapons
 + Level 1.2 Throwing
 + Level 2.8 Armour
 + Level 6.6 Dodging
 + Level 6.1 Stealth
 + Level 1.2 Shields
 + Level 1.2 Unarmed Combat
 + Level 1.2 Spellcasting
 + Level 1.0 Conjurations
 + Level 1.0 Hexes
 + Level 1.0 Summonings
 + Level 1.0 Necromancy
 + Level 1.0 Translocations
 + Level 1.0 Transmutations
 + Level 1.0 Fire Magic
 + Level 1.0 Ice Magic
 + Level 1.0 Air Magic
 + Level 1.0 Earth Magic
 + Level 1.0 Poison Magic
 + Level 1.3 Invocations
 + Level 1.2 Evocations
 + Level 1.1 Shapeshifting


You had 5 spell levels left.
You didn't know any spells.
Your spell library was empty.

Dungeon Overview and Level Annotations

Branches:
Dungeon (2/15)

Altars:

Annotations:
D:2 Natasha


Innate Abilities, Weirdness & Mutations

You have very sharp teeth.
Your uncanny sense of smell can sniff out nearby items.
Your experience applies equally to all skills.


Message History

You hit Natasha.
Natasha is moderately wounded.
Natasha barely misses you.
You hit Natasha but do no damage.
Natasha is moderately wounded.
Natasha closely misses you.
You hit Natasha but do no damage. You bite Natasha.
Natasha is moderately wounded.
Natasha claws you!
You closely miss Natasha.
Natasha is moderately wounded.
Natasha casts a spell at you. The magic dart hits you.
* * * LOW HITPOINT WARNING * * *
You closely miss Natasha.
Natasha is moderately wounded.
Natasha claws you but does no damage.
You hit Natasha but do no damage.
Natasha is moderately wounded.
Natasha claws you.
* * * LOW HITPOINT WARNING * * *
Natasha misses you.
You hit Natasha but do no damage.
Natasha is moderately wounded.
Natasha claws you but does no damage.
You barely miss Natasha. Your bite misses Natasha.
Natasha is moderately wounded.
Natasha closely misses you.
You hit Natasha.
Natasha is severely wounded.
Natasha misses you.
You miss Natasha.
Natasha is severely wounded.
Natasha misses you.
You closely miss Natasha.
Natasha is severely wounded.
Natasha stares at you and mumbles some strange words.
The magic dart hits you.
You die...
Natasha begins licking her fur clean.

..# #..###.##....##..#. ..# ##.#
#.##.......#.. ..#
#.###..#.....#...# ..#
#...##..........## # ..#####
###..####.....#..### ......##
#..# #....#.##....
..###..#########..###........#...
.#####........##..............#..
...##########...@h.#........)....
##.#.....# ####.................
#.......# ###...............##
###.....#####.....##....).....##
###...........#.#.##..........##
##.................###...........
.#.#.....#.......................
.†...............................
.###..............#.#...........#


You could see Natasha.

Vanquished Creatures
  Natasha (D:2)
  3 adders (D:2)
  2 worms (D:2)
  A dart slug (D:2)
  4 endoplasms
  2 goblins
  5 hobgoblins
  4 kobolds
  4 quokkas
  4 ball pythons
  3 bats
  3 frilled lizards
  3 rats (D:2)
39 creatures vanquished.

Notes
Turn   | Place    | Note
-------+----------+-------------------------------------------
     0 | D:1      | randomguy2701 the Gnoll Wanderer began the quest for the
                  | Orb.
     0 | D:1      | randomguy2701 set off with the following items: a +2
                  | dagger, a scroll of blinking, a +0 mace, a +0 cloak, a
                  | scroll of fear, a +0 leather armour.
     0 | D:1      | Reached XP level 1. HP: 17/17 MP: 1/1
   138 | D:1      | Reached XP level 2. HP: 21/23 MP: 2/2
   801 | D:2      | Reached XP level 3. HP: 7/28 MP: 2/4
   940 | D:2      | Reached skill level 1 in Invocations
  1036 | D:2      | Reached skill level 1 in Short Blades
  1036 | D:2      | Reached skill level 1 in Long Blades
  1036 | D:2      | Reached skill level 1 in Axes
  1036 | D:2      | Reached skill level 1 in Polearms
  1036 | D:2      | Reached skill level 1 in Staves
  1036 | D:2      | Reached skill level 1 in Ranged Weapons
  1036 | D:2      | Reached skill level 1 in Throwing
  1036 | D:2      | Reached skill level 1 in Shields
  1036 | D:2      | Reached skill level 1 in Unarmed Combat
  1036 | D:2      | Reached skill level 1 in Spellcasting
  1036 | D:2      | Reached skill level 1 in Evocations
  1079 | D:2      | Noticed Natasha
  1094 | D:2      | Killed Natasha
  1095 | D:2      | Reached skill level 1 in Shapeshifting
  1095 | D:2      | Reached XP level 4. HP: 11/34 MP: 5/5
  1302 | D:2      | Reached skill level 1 in Conjurations
  1302 | D:2      | Reached skill level 1 in Hexes
  1302 | D:2      | Reached skill level 1 in Summonings
  1302 | D:2      | Reached skill level 1 in Necromancy
  1302 | D:2      | Reached skill level 1 in Translocations
  1302 | D:2      | Reached skill level 1 in Transmutations
  1302 | D:2      | Reached skill level 1 in Fire Magic
  1302 | D:2      | Reached skill level 1 in Ice Magic
  1302 | D:2      | Reached skill level 1 in Air Magic
  1302 | D:2      | Reached skill level 1 in Earth Magic
  1302 | D:2      | Reached skill level 1 in Poison Magic
  1443 | D:2      | Noticed Natasha
  1459 | D:2      | Killed from afar by Natasha

Illustrated notes

Levels and vault maps discovered:
D:1:      eino_arrival_druids_welcome, layout_loops_ring, serial_rivers,
          chequers_serial_rivers_marsh, chequers_serial_rivers_room_a,
          chequers_serial_rivers_room_a, chequers_serial_rivers_micro_a,
          chequers_serial_rivers_micro_d, minmay_pentomino_v2
D:2:      layout_rooms, roderic_three_in_a_row, uniq_natasha

Skill      XL: |  1  2  3  4 |
---------------+-------------+-----
Stealth        | 6 |  6.1
Invocations    | 1 |  1.3
Short Blades   | 1 |  1.2
Long Blades    | 1 |  1.2
Axes           | 1 |  1.2
Polearms       | 1 |  1.2
Staves         | 1 |  1.2
Ranged Weapons | 1 |  1.2
Throwing       | 1 |  1.2
Shields        | 1 |  1.2
Unarmed Combat | 1 |  1.2
Spellcasting   | 1 |  1.2
Evocations     | 1 |  1.2
Shapeshifting  | 1 |  1.1
Conjurations   | 1 |  1.0
Hexes          | 1 |  1.0
Summonings     | 1 |  1.0
Necromancy     | 1 |  1.0
Translocations | 1 |  1.0
Transmutations | 1 |  1.0
Fire Magic     | 1 |  1.0
Ice Magic      | 1 |  1.0
Air Magic      | 1 |  1.0
Earth Magic    | 1 |  1.0
Poison Magic   | 1 |  1.0
Fighting       | |  2.8
Maces & Flails | |  4.7
Armour         | |  2.8
Dodging        | |  6.6

Action                     |  1- 3 |  4- 6 || total
---------------------------+-------+-------++-------
  Melee: Dagger            |    11 |       ||    11
         Mace              |   108 |    43 ||   151
         Punch             |     2 |       ||     2
         Bite              |     5 |     3 ||     8
   Stab: Sleeping          |     5 |     3 ||     8
 Armour: Leather armour    |    68 |    22 ||    90
  Dodge: Dodged            |   109 |    23 ||   132

Table legend: (Time is in decaauts)
 A = Elapsed time spent in this place.
 B = Non-inter-level travel time spent in this place.
 C = Inter-level travel time spent in this place.
 D = Time resting spent in this place.
 E = Time spent auto-exploring this place.
 F = Levels seen in this place.
 G = Mean time per level.
                   A        B        C        D        E       F      G
               +--------+--------+--------+--------+--------+-----+--------+
         Total |   1497 |   1471 |     26 |      0 |   1125 |   2 |  748.5 |
       Dungeon |   1497 |   1471 |     26 |      0 |   1125 |   2 |  748.5 |
               +--------+--------+--------+--------+--------+-----+--------+

Top non-repeatable levels by time:
     D:1: 778 daAuts
     D:2: 718 daAuts
